cohdb
Replays
Latest Replays
All Replays
Popular Replays
Top Player Replays
Match Explorer
How It Works
Community
CoH3 Stats
Reddit
Sign in to upload your games and track your stats! →
Sign in with Steam
Match 45875725
Unlisted
Match 45875725
Overview
Messages
Build Orders
End
Selects Airborne Battlegroup
Selects Pathfinders
Pathfinder Squad
Construct Weapon Support Center
M1919 Machine Gun Team
M1919 Machine Gun Team
Construct Medical Station
Selects Paratrooper Squad Paradrop
Paratrooper Squad Paradrop
Paratrooper Squad Paradrop
Paratrooper Squad Paradrop
Infantry Support Center
Bazooka Squad
Selects Anti-tank Gun Team Paradrop
Adult Asthma Is A Choice
Sussy Baka
Evelynn
4-in-1 Petrol lawnmower
0
0
Comments
sign in to comment!
No comments posted yet!